cohdb
Replays
Latest Replays
All Replays
Popular Replays
Top Player Replays
Match Explorer
How It Works
Community
CoH3 Stats
Reddit
Sign in to upload your games and track your stats! →
Sign in with Steam
Match 41785797
Unlisted
Match 41785797
Overview
Messages
Build Orders
End
Construct Infanterie Kompanie
Pioneer Squad
Selects Breakthrough Battlegroup
Selects Assault Grenadiers
MG 42 Machine Gun Team
Grenadier Squad
Grenadier Squad
Grenadier Squad
Construct Panzergrenadier Kompanie
251 Medium Carrier
Selects Breakthrough
Pak 40 Anti-tank Gun Team
Selects Incendiary Bombing Run
Pak 40 Anti-tank Gun Team
Panzergrenadier Squad
Incendiary Bombing Run
Construct Panzer Kompanie
Selects Rapid Production
Incendiary Bombing Run
Stoßtruppen Squad
Selects Blitzkrieg
Panzer IV Medium Tank
UH|ck
iceman
Dr Coco
Paz
0
0
Comments
sign in to comment!
No comments posted yet!